Map: [ESL] Oceanborn

Players

Spirit - Winner!

  • Race: Terran Terran
  • Spawn Location: 11:00

Harstem

  • Race: Protoss Protoss
  • Spawn Location: 5:00

Event: ESL SC2 Masters 2023 Winter (Regional)

VOD

Have the link to the VOD?

Description

Time

  • Played on: Nov. 16, 2023, 10:23 a.m.
  • Length: 12:33

All games in this series

Show
View Real Time Build Order
Export as new Build Order

Spirit Terran - Winner!

Build Orders:  

Get SALT Encoding   

  12  0:00  SCV  
  13  0:12  SCV  
  14  0:17  Supply Depot  
  14  0:24  SCV  
  15  0:38  SCV  
  15  0:40  Barracks  
  16  0:44  Refinery  
  16  0:50  SCV  
  17  1:02  SCV  
  18  1:15  SCV  
  19  1:27  Orbital Command, Marine  
  20  1:39  Command Center  
  20  1:45  Barracks Reactor  
  20  1:51  Supply Depot  
  20  1:52  SCV  
  21  2:05  Factory, SCV  
  22  2:09  Refinery  
  22  2:17  SCV  
  22  2:21  Marine x2  
  25  2:29  SCV  
  26  2:38  Marine  
  26  2:39  Marine  
  26  2:41  SCV  
  29  2:50  Widow Mine, Starport  
  31  2:52  Orbital Command  
  31  2:54  SCV  
  31  2:57  Marine  
  33  3:00  Marine  
  34  3:06  SCV  
  35  3:14  Factory Tech Lab  
  35  3:17  Marine  
  35  3:18  SCV x2, Marine  
  39  3:30  SCV x2  
  43  3:34  Siege Tank  
  43  3:35  Medivac  
  43  3:38  Supply Depot  
  43  3:40  Marine  
  46  3:48  Supply Depot  
  46  3:55  Bunker  
  46  3:59  SCV x2, Marine  
  46  4:00  Supply Depot  
  49  4:06  Starport Tech Lab  
  49  4:09  Siege Tank  
  52  4:12  SCV x2  
  52  4:13  Marine  
  55  4:20  Supply Depot  
  55  4:21  Marine  
  55  4:24  SCV x2  
  58  4:28  Banshee  
  61  4:32  Refinery  
  61  4:33  Supply Depot  
  61  4:36  SCV  
  62  4:39  Cloaking Field  
  62  4:41  Bunker, SCV, Marine  
  64  4:47  Marine  
  64  4:48  SCV  
  66  4:53  SCV  
  66  4:56  Siege Tank  
  66  4:59  Marine  
  67  5:00  SCV  
  67  5:05  SCV, Marine  
  65  5:12  SCV  
  64  5:16  Marine  
  64  5:17  SCV  
  66  5:24  SCV  
  66  5:26  Barracks  
  67  5:29  Barracks, SCV, Supply Depot  
  68  5:36  Barracks, SCV  
  68  5:41  SCV, Engineering Bay  
  70  5:44  Refinery  
  70  5:47  Marine  
  70  5:48  SCV  
  71  5:51  Marine  
  71  5:53  Banshee, SCV  
  73  6:00  SCV  
  72  6:05  SCV, Marine  
  72  6:08  Marine  
  72  6:09  Supply Depot  
  75  6:13  SCV  
  75  6:18  SCV  
  77  6:19  Terran Infantry Weapons Level 1  
  77  6:20  Barracks Tech Lab, Missile Turret  
  77  6:21  Barracks Tech Lab  
  77  6:23  Marine  
  77  6:25  SCV  
  79  6:28  Stimpack  
  79  6:29  Marine  
  79  6:30  SCV, Refinery  
  81  6:37  SCV  
  82  6:42  SCV  
  82  6:43  Combat Shield  
  82  6:44  Barracks, Marine x2, Supply Depot  
  82  6:47  Starport Reactor  
  82  6:49  SCV  
  82  6:53  Concussive Shells  
  82  6:54  SCV, Supply Depot x2  
  83  7:00  Marauder x2  
  89  7:01  SCV  
  89  7:04  Marauder, Marine  
  89  7:05  Marine  
  93  7:18  Siege Tank  
  93  7:21  Marauder  
  93  7:22  Marine  
  100  7:27  Command Center  
  100  7:28  Medivac  
  100  7:30  Medivac  
  100  7:36  Marauder, Marine  
  105  7:39  Marine  
  105  7:41  Marine  
  105  7:43  Barracks Reactor  
  102  7:45  Marauder  
  104  7:55  Marine  
  104  7:58  Viking, Marauder x2  
  111  8:00  Medivac, Marine  
  114  8:06  Marauder, Supply Depot  
  114  8:07  Supply Depot  
  116  8:13  Marine  
  116  8:17  Terran Infantry Armor Level 1  
  116  8:18  Marine  
  116  8:19  Marauder x2  
  122  8:22  SCV x2  
  122  8:23  Marine  
  124  8:27  Marine  
  124  8:28  Marauder  
  124  8:31  Supply Depot, Marine  
  124  8:33  Medivac  
  124  8:34  SCV x2  
  132  8:40  Marauder x2  
  136  8:44  Marine  
  136  8:46  SCV x2  
  136  8:48  Marine  
  140  8:49  Marauder  
  140  8:52  Marine  
  143  8:56  Supply Depot  
  143  8:58  Supply Depot  
  143  8:59  SCV x2  
  143  9:02  Marauder x2  
  148  9:08  Marine  
  148  9:09  Marine  
  151  9:10  Marauder  
  151  9:11  SCV x2  
  151  9:16  Supply Depot  
  154  9:18  Ghost Academy  
  154  9:22  Orbital Command  
  154  9:23  Marauder, SCV  
  153  9:30  Supply Depot x2  
  153  9:31  Refinery  
  153  9:32  Refinery  
  156  9:39  SCV  
  161  9:51  Ghost  
  161  9:52  Ghost x2  
  159  10:04  Marine x4, Medivac  
  159  10:05  Refinery  
  165  10:18  Bunker  
  165  10:20  Siege Tank, Ghost x3  
  165  10:21  Medivac  
  176  10:22  Marine x3  
  176  10:25  Marine  
  176  10:27  SCV  
  181  10:29  SCV  
  182  10:40  Medivac, Marine x2  
  187  10:47  Marine  
  187  10:48  Supply Depot, Marine  
  187  10:49  Marauder x3  
  194  10:51  Supply Depot  
  194  10:53  Missile Turret  
  193  10:58  Marine x2  
  195  11:05  Marine x2  
  195  11:06  Armory  
  195  11:10  Marine x2  
  199  11:11  Marine  
  199  11:16  Marine x2  
  192  11:21  Command Center  
  192  11:23  Marine  
  192  11:25  Marine  
  194  11:28  Marauder  
  194  11:29  Marauder  
  194  11:30  Marauder  
  195  11:33  Marine x2  
  188  11:41  Marine  
  188  11:43  Marine  
  190  11:49  Marine  
  190  11:50  Marine, Marauder  
  190  11:51  Marine x2  
  193  11:59  Marine  
  158  12:08  Marine  
  158  12:09  SCV  
Show
View Real Time Build Order
Export as new Build Order

Harstem Protoss 

Build Orders: 1 Gate Expand, Blink Stalkers 

Get SALT Encoding   

  12  0:00  Probe  
  13  0:12  Probe  
  14  0:16  Pylon  
  14  0:24  Probe  
  15  0:35  Gateway  
  15  0:36  Probe (Chrono Boost)  
  16  0:46  Probe (Chrono Boost)  
  16  0:48  Assimilator  
  17  0:51  Probe (Chrono Boost)  
  18  1:03  Probe  
  19  1:18  Nexus  
  19  1:27  Cybernetics Core  
  19  1:30  Probe  
  20  1:35  Assimilator  
  20  1:42  Probe  
  20  1:46  Pylon  
  21  1:54  Probe  
  22  2:01  Adept (Chrono Boost)  
  22  2:04  Warp Gate  
  22  2:06  Probe  
  25  2:19  Probe  
  25  2:21  Stalker (Chrono Boost)  
  26  2:26  Twilight Council  
  28  2:30  Probe  
  28  2:31  Probe  
  30  2:42  Probe  
  30  2:43  Probe  
  32  2:45  Robotics Facility  
  32  2:54  Probe  
  33  2:58  Gateway  
  33  2:59  Probe  
  33  3:04  Blink (Chrono Boost)  
  34  3:07  Probe  
  34  3:11  Probe  
  36  3:19  Probe  
  37  3:20  Gateway  
  37  3:25  Stalker (Chrono Boost)  
  39  3:30  Probe  
  40  3:37  Warp Prism  
  42  3:43  Pylon  
  42  3:52  Pylon  
  42  3:53  Stalker  
  44  3:56  Stalker  
  44  4:01  Probe  
  44  4:02  Probe  
  48  4:14  Pylon  
  48  4:16  Stalker x3  
  54  4:19  Probe  
  55  4:25  Probe  
  57  4:31  Probe  
  57  4:37  Probe  
  58  4:39  Stalker x3  
  58  4:43  Probe  
  62  5:02  Probe  
  62  5:04  Pylon  
  62  5:05  Assimilator, Stalker x2  
  67  5:14  Probe  
  68  5:21  Pylon  
  69  5:22  Nexus  
  69  5:26  Probe  
  69  5:29  Observer (Chrono Boost)  
  69  5:31  Probe  
  69  5:32  Shield Battery  
  69  5:33  Stalker  
  73  5:37  Stalker  
  73  5:38  Probe  
  76  5:45  Probe  
  77  5:50  Probe  
  77  5:53  Charge  
  77  5:55  Forge  
  78  5:57  Probe  
  78  6:03  Probe  
  80  6:06  Observer, Gateway  
  80  6:07  Stalker  
  80  6:08  Gateway  
  80  6:09  Probe  
  84  6:15  Probe  
  84  6:18  Shield Battery  
  85  6:21  Probe  
  86  6:26  Protoss Ground Weapons Level 1 (Chrono Boost)  
  86  6:32  Pylon  
  86  6:34  Probe  
  86  6:36  Gateway x2  
  86  6:38  Gateway  
  86  6:39  Observer  
  88  6:40  Probe  
  89  6:48  Probe x2  
  89  6:50  Sentry, Zealot x2  
  97  6:59  Pylon  
  97  7:04  Pylon, Probe x2  
  97  7:07  Immortal (Chrono Boost)  
  99  7:12  Pylon  
  99  7:15  Assimilator  
  104  7:17  Robotics Bay  
  104  7:20  Photon Cannon  
  104  7:22  Probe  
  105  7:24  Zealot x3  
  107  7:38  Probe  
  107  7:39  Probe  
  107  7:40  Pylon, Probe  
  110  7:44  Zealot x5  
  110  7:50  Probe  
  121  7:56  Pylon  
  121  8:02  Colossus (Chrono Boost)  
  121  8:03  Probe  
  121  8:04  Probe  
  124  8:05  Probe  
  124  8:11  Photon Cannon, Pylon  
  130  8:13  Zealot, Pylon  
  130  8:15  Observer  
  130  8:17  Protoss Ground Weapons Level 2 (Chrono Boost)  
  130  8:18  Nexus  
  132  8:20  Extended Thermal Lance (Chrono Boost)  
  133  8:27  Probe x2  
  133  8:29  Probe  
  135  8:38  Photon Cannon  
  135  8:39  Zealot x2  
  135  8:40  Zealot x2  
  143  8:42  Zealot  
  144  8:50  Observer, Colossus (Chrono Boost)  
  144  8:54  Probe  
  144  8:55  Forge  
  151  9:02  Zealot  
  151  9:03  Zealot x2  
  151  9:08  Stalker  
  157  9:15  Stalker  
  157  9:18  Probe  
  157  9:26  Shield Battery  
  157  9:29  Zealot x2, Probe x2  
  157  9:30  Zealot, Probe  
  166  9:31  Protoss Ground Armor Level 1 (Chrono Boost)  
  164  9:42  Zealot, Stalker x2, Probe x3  
  170  9:49  Pylon  
  170  9:55  Probe  
  170  9:56  Stalker  
  170  9:59  Gravitic Drive (Chrono Boost)  
  168  10:02  Probe  
  168  10:06  Pylon  
  169  10:07  Colossus (Chrono Boost)  
  169  10:13  Probe  
  176  10:14  Pylon  
  176  10:19  Zealot x2  
  176  10:21  Pylon  
  180  10:24  Dark Shrine, Probe, Pylon x2  
  181  10:40  Pylon  
  181  10:46  Nexus, Probe  
  181  10:47  Robotics Facility, Gateway  
  181  10:49  Gateway  
  183  10:52  Robotics Facility  
  183  10:58  Disruptor (Chrono Boost), Assimilator  
  183  11:00  Photon Cannon, Probe  
  183  11:01  Shield Battery  
  183  11:02  Assimilator  
  187  11:07  Probe  
  184  11:18  Zealot x2  
  184  11:19  Zealot x5  
  193  11:37  Zealot  
  193  11:39  Disruptor (Chrono Boost)  
  177  11:43  Zealot x6  
  177  11:44  Zealot  
  191  11:48  Zealot x2  
  191  11:52  Disruptor (Chrono Boost)  
  193  12:04  Zealot x5  
  157  12:11  Zealot x4  
  157  12:13  Probe  
  120  12:15  Zealot  
  102  12:24  Zealot x4  
  92  12:30  Zealot  
Tags
 
Add a new tag
Caveats
  • Supply blocks, unpowered buildings, or Contaminate may cause inaccurate times.
  • Supply counts are checked every 10 seconds.